 Dungeon Crawl Stone Soup version 0.27.1-34-g3ba077fa99 (webtiles) character file.

Game seed: 1696271077904380539

5511 Delamore the Covert (level 10, -5/66 HPs)
             Began as an Octopode Brigand on Feb 13, 2022.
             Slain by a two-headed ogre (19 damage)
             ... on level 8 of the Dungeon.
             The game lasted 00:09:20 (8657 turns).

Delamore the Covert (Octopode Brigand)              Turns: 8657, Time: 00:09:21

Health: -5/66      AC:  5    Str: 11    XL:     10   Next: 70%
Magic:  10/10      EV: 14    Int: 13    God:
Gold:   180        SH:  4    Dex: 17    Spells: 9/9 levels left

rFire    . . .     SeeInvis .   I - +3 short sword (freeze)
rCold    . . .     Faith    .   H - +0 buckler
rNeg     . . .     Spirit   .   (helmet restricted)
rPois    .         Reflect  .   q - amulet of magic regeneration
rElec    .         Harm     .   h - +4 ring of protection
rCorr    .         Rampage  .   B - ring of willpower
Will     +....                  (no ring)
Stlth    +++++++...             (no ring)
HPRegen  0.21/turn              (no ring)
MPRegen  0.37/turn              (no ring)
                                (no ring)
                                (no ring)

@: about to teleport, marked
A: almost no armour, amphibious, 8 rings, camouflage 1, gelatinous body 1,
(nimble swimmer 1), tentacles
a: no special abilities


You were on level 8 of the Dungeon.
You visited 2 branches of the dungeon, and saw 9 of its levels.
You also visited: Sewer.

You collected 306 gold pieces.
You spent 126 gold pieces at shops.

Inventory:

Hand Weapons
 k - a +2 dagger of draining
 y - a +0 rapier
 I - a +3 short sword of freezing (weapon)
Missiles
 b - 44 poisoned darts (quivered)
 c - 4 curare-tipped darts
 G - 7 boomerangs
Armour
 H - a +0 buckler (worn)
Jewellery
 h - a +4 ring of protection (left tentacle)
 q - an amulet of magic regeneration (around mantle)
 B - a ring of willpower (right tentacle)
Wands
 s - a wand of polymorph (9)
 u - a wand of digging (6)
 x - a wand of flame (13)
 F - a wand of mindburst (22)
Scrolls
 g - a scroll of fear
 m - 2 scrolls of magic mapping
 n - a scroll of brand weapon
 p - 2 scrolls of teleportation
 z - a scroll of fog
 A - a scroll of noise
 C - a scroll of identify
 E - a scroll of amnesia
Potions
 d - a potion of heal wounds
 e - 3 potions of lignification
 f - 3 potions of curing
 i - 2 potions of mutation {unknown}
 l - 2 potions of invisibility {unknown}
 o - 2 potions of resistance {unknown}
 r - 3 potions of attraction {unknown}
 t - 2 potions of flight {unknown}
 v - a potion of cancellation {unknown}
 w - 3 potions of berserk rage {unknown}
 D - 2 potions of brilliance {unknown}


   Skills:
 - Level 5.0 Fighting
 - Level 10.0 Short Blades
 - Level 5.0 Throwing
 - Level 5.0 Dodging
 + Level 13.4 Stealth
 + Level 0.0 Shields


You had 9 spell levels left.
You didn't know any spells.
Your spell library contained the following spells:

 Spells                   Type           Power      Damage    Failure   Level
 Beastly Appendage        Tmut           0%         N/A       45%         1
 Magic Dart               Conj           0%         1d3       45%         1
 Searing Ray              Conj           0%         3d3       61%         2
 Slow                     Hex            0%         N/A       61%         2
 Wereblood                Tmut           0%         N/A       61%         2
 Confusing Touch          Hex            0%         N/A       83%         3
 Spider Form              Tmut/Pois      0%         N/A       83%         3
 Vampiric Draining        Necr           0%         2d6       83%         3
 Fulminant Prism          Conj/Hex       0%         3d6       99%         4
 Passage of Golubria      Tloc           N/A        N/A       99%         4
 Silence                  Hex/Air        0%         N/A       100%        5
 Lehudib's Crystal Spear  Conj/Erth      0%         10d2      100%        8


Dungeon Overview and Level Annotations

Branches:
Dungeon (8/15)             Temple (1/1) D:4            Lair (0/6) D:8
  Sewer (visited)

Altars:
Ashenzari
Cheibriados
Dithmenos
Elyvilon
Fedhas
Hepliaklqana
Kikubaaqudgha
Makhleb
Okawaru
Qazlal
Ru
Sif Muna
Trog
Uskayaw
Vehumet
Wu Jian
Xom
Yredelemnul
Zin
The Shining One

Shops:
D:2 (*?   D:7 (


Innate Abilities, Weirdness & Mutations

You cannot wear most types of armour.
You are amphibious.
You can wear up to eight rings at the same time.
Your skin changes colour to match your surroundings (Stealth+).
Your rubbery body absorbs attacks. (AC +1, EV +1)
((You are camouflaged near water. (Stealth+)))
You have tentacles for arms and can constrict up to eight enemies at once.


Message History

Things that are here:
a +3 short sword of freezing; a +0 robe
I - a +3 short sword of freezing Your +3 short sword of freezing glows with a cold blue light!
I - a +3 short sword of freezing (weapon)
Drop what? 35/52 slots (_ for help) (? for menu, Esc to quit)
You drop a +2 dagger.
You drop a +0 short sword of venom.
Things that are here:
a +2 short sword; a +0 robe
Things that are here:
a +2 short sword; a +0 robe
Things that are here:
a +0 short sword of venom; a +2 dagger; a +0 robe
Things that are here:
a +4 flail; a +0 robe
Things that are here:
a +1 great sword of protection; a +0 robe You see here 46 stones.
A two-headed ogre comes into view.
It is wielding a +0 giant club and a +0 giant spiked club.
Found a scroll of identify.
A two-headed ogre is nearby!
A two-headed ogre is nearby!
You set off the alarm!
A sentinel's mark forms upon you.
The two-headed ogre shouts in stereo!
You hear a bellow! x3
The two-headed ogre misses you.
The two-headed ogre hits you with a +0 giant spiked club.
Your shield prevents you from hitting the two-headed ogre.
The two-headed ogre hits you with a +0 giant club!!
The two-headed ogre hits you with a +0 giant spiked club!
You are too injured to fight recklessly!
As you read the scroll of teleportation, it crumbles to dust.
You feel strangely unstable.
You puncture the two-headed ogre! You freeze the two-headed ogre.
The two-headed ogre is moderately wounded.
The two-headed ogre hits you with a +0 giant club!!
* * * LOW HITPOINT WARNING * * *
The two-headed ogre hits you with a +0 giant spiked club!!
You die...

################
########..............#
....?..........######.#
##.#####.#####O# #.#
#.# #@# #.# #.#
##########.# #.#
#.....+..#.# #.#
#.....#))#.# #.#
##'''###'#.####### #.#
#.....P≈.#.......#
#.♣.♣)†≈P#...###.#
#..♣..P)≈###.# #.#
#.♣.♣..≈P# #.# #.#


You could see a two-headed ogre.

Vanquished Creatures
  A hydra (D:8)
  A troll (D:8)
  2 dream sheep (D:8)
  Eustachio (D:4)
  A shadow (D:6)
  4 yaks (D:6)
  A steam dragon (D:6)
  2 orc warriors (D:6)
  A black bear (D:5)
  An ice beast (D:6)
  A sky beast (D:8)
  2 necrophages (D:5)
  3 wolves
  6 ogres
  2 phantoms
  4 kobold brigands
  A bullfrog (D:8)
  3 scorpions
  7 wights
  A howler monkey (D:8)
  3 electric eels (D:8)
  A bullfrog zombie (D:6)
  2 jellies
  2 orc priests
  A bullfrog skeleton (D:7)
  2 centaur skeletons
  A gnoll shaman (D:5)
  3 hounds
  An iron imp (D:6)
  2 iguanas
  3 orc wizards
  A hound skeleton (D:4)
  A howler monkey zombie (D:6)
  9 gnolls
  9 adders
  3 worms (D:3)
  A dart slug (D:1)
  16 orcs
  An endoplasm (D:3)
  3 giant cockroaches
  6 goblins
  5 hobgoblins
  17 jackals
  15 kobolds
  4 quokkas
  14 ball pythons
  7 bats
  6 frilled lizards
  A quokka skeleton (D:4)
  2 rats
187 creatures vanquished.

Vanquished Creatures (others)
  9 plants (Sewer)
9 creatures vanquished.

Grand Total: 196 creatures vanquished

Notes
Turn   | Place    | Note
-------+----------+-------------------------------------------
     0 | D:1      | Delamore the Octopode Brigand began the quest for the Orb.
     0 | D:1      | Reached XP level 1. HP: 14/14 MP: 1/1
   282 | D:1      | You fall into a shaft and drop 1 floor!
   284 | D:2      | Found Agawnaru's Magic Scroll Shoppe.
   312 | D:1      | Reached XP level 2. HP: 19/19 MP: 2/2
   334 | D:1      | Reached skill level 6 in Stealth
   517 | D:1      | Reached XP level 3. HP: 23/24 MP: 3/3
   860 | D:2      | Reached XP level 4. HP: 27/29 MP: 4/4
   938 | D:2      | Bought a scroll of fear for 38 gold pieces
  1001 | D:2      | Reached skill level 7 in Stealth
  1004 | D:2      | Found Saguba's Assorted Antiques.
  1255 | D:2      | Found Cuizon's Weapon Boutique.
  1665 | D:2      | Found a faded altar of an unknown god.
  1727 | D:3      | Reached XP level 5. HP: 34/34 MP: 5/5
  1852 | D:3      | Found a white marble altar of Elyvilon.
  1852 | D:3      | Found a stormy altar of Qazlal.
  1993 | D:3      | Reached skill level 8 in Stealth
  1994 | D:3      | Found a glowing drain.
  2007 | Sewer    | Entered a sewer
  3038 | D:4      | Found a staircase to the Ecumenical Temple.
  3045 | D:4      | Reached XP level 6. HP: 39/39 MP: 6/6
  3053 | Temple   | Entered the Ecumenical Temple
  3230 | D:4      | Reached skill level 9 in Stealth
  3487 | D:4      | Reached skill level 10 in Stealth
  3487 | D:4      | Reached XP level 7. HP: 45/45 MP: 7/7
  3539 | D:4      | Found a hazy altar of Hepliaklqana.
  3638 | D:4      | Noticed Eustachio
  3641 | D:4      | Killed Eustachio
  3642 | D:4      | Reached skill level 5 in Short Blades
  3874 | D:2      | Bought a scroll of fog for 22 gold pieces
  3874 | D:2      | Bought a scroll of noise for 11 gold pieces
  3874 | D:2      | Bought a scroll of identify for 22 gold pieces
  3874 | D:2      | Bought a scroll of teleportation for 33 gold pieces
  3941 | D:5      | Entered Level 5 of the Dungeon
  4000 | D:5      | Reached XP level 8. HP: 24/50 MP: 8/8
  4903 | D:6      | Found a snail-covered altar of Cheibriados.
  5039 | D:6      | Noticed a shadow
  5090 | D:6      | Killed a shadow
  5328 | D:6      | Reached XP level 9. HP: 47/58 MP: 9/9
  6566 | D:6      | Reached skill level 5 in Fighting
  6566 | D:6      | Reached skill level 5 in Throwing
  6886 | D:7      | Found Foseeke's Weapon Shoppe.
  6892 | D:7      | Reached skill level 5 in Dodging
  7098 | D:7      | Reached skill level 11 in Stealth
  7109 | D:7      | Reached XP level 10. HP: 45/65 MP: 10/10
  7569 | D:8      | Found a staircase to the Lair.
  7589 | D:8      | HP: 2/66 [hound (5)]
  8269 | D:8      | Reached skill level 12 in Stealth
  8419 | D:8      | Noticed a three-headed hydra
  8423 | D:8      | Killed a three-headed hydra
  8424 | D:8      | Reached skill level 10 in Short Blades
  8424 | D:8      | Reached skill level 13 in Stealth
  8642 | D:8      | Noticed a two-headed ogre
  8657 | D:8      | Slain by a two-headed ogre

Illustrated notes

Levels and vault maps discovered:
D:1:      amcnicky_arrival_abandoned_market, layout_loops_ring
D:2:      minmay_chambers_of_ones, layout_loops_cross, serial_shops,
          nicolae_shop_window_shopping,
          nicolae_shop_temple_entry_statues_fountains,
          nicolae_shop_overgrown_old_shop, ebering_ecumenical_altar_rust
D:3:      layout_basic, gammafunk_temple_overflow_pools,
          cheibrodos_sewer_entry_drain
D:4:      layout_basic, lemuel_coloured_pillars_altar,
          minmay_temple_entry_mini_moons, grunt_decor_clamped, uniq_eustachio
D:5:      layout_loops_ring, kennysheep_opposing_triangles
D:6:      layout_cave_pools, slow_altar_1
D:7:      layout_rooms, serial_shops, nicolae_stop_n_shop_2
D:8:      layout_loops_ring, erik_lair_island, minmay_misc_feat_nine_boxes,
          minmay_misc_feat_doors, hangedman_ranch
Temple:   eino_temple_scatter_basement

Skill      XL: |  1  2  3  4  5  6  7  8  9 10 |
---------------+-------------------------------+-----
Stealth        | 6 7 8 10 11 13 | 13.4
Short Blades   | 3 4 6 7 8 10 | 10.0
Dodging        | 3 5 |  5.0
Fighting       | 4 5 |  5.0
Throwing       | 4 5 |  5.0

Action                   |  1- 3 |  4- 6 |  7- 9 | 10-12 || total
-------------------------+-------+-------+-------+-------++-------
Melee: Dagger            |    38 |   112 |   271 |    90 ||   511
       Constrict         |     8 |    28 |    34 |    15 ||    85
       Tentacles         |     6 |    19 |    81 |    25 ||   131
       Short sword       |    14 |    24 |       |     2 ||    40
Throw: Dart              |       |       |    14 |       ||    14
Evoke: Wand              |       |       |     1 |       ||     1
  Use: Scroll            |     2 |       |     5 |     1 ||     8
       Potion            |       |       |     3 |     1 ||     4
 Stab: Sleeping          |    12 |    31 |    13 |    11 ||    67
       Distracted        |       |       |     1 |       ||     1
Armor: Skin              |    12 |    19 |    36 |    17 ||    84
Dodge: Dodged            |    24 |    53 |   119 |    47 ||   243
